 Dungeon Crawl Stone Soup version 0.26-a0-537-g96b2eae49b (webtiles) character file.

Game seed: 3963955644968105552

53 ANON1729 the Sneak (level 4, 0/27 HPs)
             Began as a Kobold Brigand on Aug 14, 2020.
             Slain by a centaur zombie (5 damage)
             ... on level 3 of the Dungeon.
             The game lasted 00:01:53 (1699 turns).

ANON1729 the Sneak (Kobold Brigand)                 Turns: 1699, Time: 00:01:54

Health: 0/27       AC:  3    Str:  8    XL:     4   Next: 11%
Magic:  4/4        EV: 15    Int: 12    God:
Gold:   111        SH:  0    Dex: 17    Spells: 3/3 levels left

rFire    . . .     SeeInvis .   a - +2 dagger
rCold    . . .     Faith    .   (shield restricted)
rNeg     + . .     Spirit   .   b - +0 robe
rPois    .         Reflect  .   (no helmet)
rElec    .         Harm     .   c - +0 cloak
rCorr    .                      (no gloves)
MR       .....                  (no boots)
Stlth    ++++......             (no amulet)
HPRegen  0.09/turn              i - ring of positive energy
MPRegen  0.09/turn              (no ring)

@: no status effects
A: small, nightstalker 3
a: no special abilities


You were on level 3 of the Dungeon.
You visited 1 branch of the dungeon, and saw 3 of its levels.

You collected 111 gold pieces.

Inventory:

Hand Weapons
 a - a +2 dagger (weapon)
Missiles
 d - 26 poisoned darts (quivered)
 e - 2 curare-tipped darts
Armour
 b - a +0 robe (worn)
 c - a +0 cloak (worn)
Jewellery
 i - a ring of positive energy (left hand)
Wands
 q - a wand of random effects (13)
 v - a wand of enslavement (7)
Scrolls
 f - 5 scrolls of identify {unknown}
 h - 2 scrolls of enchant armour {unknown}
 k - 2 scrolls of noise {unknown}
 l - a scroll of fear {unknown}
 n - 2 scrolls of magic mapping {unknown}
 r - a scroll of remove curse {unknown}
 s - 2 scrolls of teleportation {unknown}
Potions
 g - a potion of mutation {unknown}
 j - a potion of lignification {unknown}
 m - 2 potions of curing {unknown}
 o - 2 potions of haste {unknown}
 p - a potion of flight {unknown}
 t - 2 potions of invisibility {unknown}
 u - a potion of berserk rage {unknown}


   Skills:
 + Level 2.6 Fighting
 * Level 3.8 Short Blades
 - Level 2.1 Throwing
 + Level 2.1 Dodging
 * Level 6.1 Stealth


You had 3 spell levels left.
You didn't know any spells.
Your spell library was empty.

Dungeon Overview and Level Annotations

Branches:
Dungeon (3/15)

Altars:
Nemelex Xobeh
Ru
Vehumet


Innate Abilities, Weirdness & Mutations

You are small and have problems with some larger weapons.
You are completely attuned to the shadows.


Message History

You are too injured to fight recklessly!
You are too injured to fight recklessly!
You are too injured to fight recklessly!
You are too injured to fight recklessly!
You are too injured to fight recklessly!
You are too injured to fight recklessly!
Okay, then.
i - a ring of positive energy (left hand)
The centaur zombie hits you.
You hit the centaur zombie.
The centaur zombie is severely damaged.
The centaur zombie misses you.
You hit the centaur zombie but do no damage.
The centaur zombie is severely damaged.
The centaur zombie hits you.
* * * LOW HITPOINT WARNING * * *
You hit the centaur zombie.
The centaur zombie is severely damaged.
The centaur zombie hits you.
You die...

.......#...###
####...#...#..
.............
..P..†.P.... ....♣
♣P..♣♣♣...♣ #####...♣
♣...♣ ♣..P♣
.......P♣♣♣..P♣♣♣...♣
.......P.....PP.....P
...Z@................
###+##....P.....P...P
......♣♣♣...♣♣♣P.P♣
......♣ ♣P..♣ ♣P.P♣
#####.P♣♣♣...♣♣♣...♣
......P..P..PP..P..P
.....(..............
######...PP.P.P)P...P.
.........♣♣♣P.P♣♣♣..P♣


You could see a centaur zombie.

Vanquished Creatures
  A worm (D:3)
  3 dart slugs
  A leopard gecko (D:3)
  2 orcs (D:3)
  4 bats
  6 giant cockroaches
  A goblin (D:2)
  A hobgoblin (D:2)
  8 jackals
  2 kobolds (D:2)
  2 ball pythons
  3 frilled lizards
  4 rats
38 creatures vanquished.

Notes
Turn   | Place    | Note
-------+----------+-------------------------------------------
     0 | D:1      | ANON1729 the Kobold Brigand began the quest for the Orb.
     0 | D:1      | Reached XP level 1. HP: 12/12 MP: 1/1
    84 | D:1      | Found a sparkling altar of Nemelex Xobeh.
   210 | D:1      | Reached XP level 2. HP: 17/17 MP: 2/2
   708 | D:2      | Found a sacrificial altar of Ru.
   730 | D:2      | Found a radiant altar of Vehumet.
   754 | D:2      | Reached XP level 3. HP: 13/22 MP: 3/3
  1411 | D:3      | Reached skill level 6 in Stealth
  1454 | D:3      | Reached XP level 4. HP: 19/27 MP: 4/4
  1699 | D:3      | Slain by a centaur zombie

Illustrated notes

Levels and vault maps discovered:
D:1:      grunt_arrival_crossed_arrows, layout_loops_ring,
          nemelex_xobeh_ov_fountains_minmay
D:2:      layout_rooms, nicolae_overflow_crystal_walls, lemuel_altar_in_water
D:3:      layout_basic, hangedman_decor_growths, kennysheep_boxes

Skill      XL: |  1  2  3 |
---------------+----------+-----
Short Blades   | 3 |  3.8
Stealth        | 6 |  6.1
Dodging        | 2 |  2.1
Fighting       | |  2.6
Throwing       | |  2.1

Action                   |  1- 3 |  4- 6 || total
-------------------------+-------+-------++-------
Melee: Dagger            |   103 |    21 ||   124
Throw: Dart              |     2 |       ||     2
 Stab: Sleeping          |    13 |     1 ||    14
Armor: Robe              |    20 |       ||    20
Dodge: Dodged            |    85 |     9 ||    94

Table legend: (Time is in decaauts)
 A = Elapsed time spent in this place.
 B = Non-inter-level travel time spent in this place.
 C = Inter-level travel time spent in this place.
 D = Time resting spent in this place.
 E = Time spent auto-exploring this place.
 F = Levels seen in this place.
 G = Mean time per level.
                   A        B        C        D        E       F      G
               +--------+--------+--------+--------+--------+-----+--------+
         Total |   1678 |   1617 |     61 |    271 |   1088 |   3 |  559.3 |
       Dungeon |   1678 |   1617 |     61 |    271 |   1088 |   3 |  559.3 |
               +--------+--------+--------+--------+--------+-----+--------+

Top non-repeatable levels by time:
     D:2: 709 daAuts
     D:1: 616 daAuts
     D:3: 351 daAuts
